 Dungeon Crawl Stone Soup version 0.30.0-5-g1a98f26d00 (webtiles) character file.

Game seed: 7846442256506084930

94 shayaa the Sneak (level 4, -1/21 HPs)
             Began as a Spriggan Enchanter on May 12, 2023.
             Killed from afar by Robin (15 damage)
             ... with a bolt of dispelling energy
             ... while paralysed by Grinder
             ... on level 3 of the Dungeon.
             The game lasted 00:08:34 (2421 turns).

shayaa the Sneak (Spriggan Enchanter)               Turns: 2421, Time: 00:08:34

Health: -1/21      AC:  2    Str:  4    XL:     4   Next: 38%
Magic:  9/9        EV:  4    Int: 28    God:
Gold:   154        SH:  0    Dex: 17    Spells: 2/8 levels left

rFire   . . .        k - +0 rapier
rCold   . . .        (no shield)
rNeg    . . .        b - +0 robe
rPois   .            (helmet restricted)
rElec   .            (no cloak)
rCorr   .            (gloves unavailable)
SInv    +            (boots unavailable)
Will    .....        (no amulet)
Stlth   +++          g - +6 ring of intelligence
HPRegen 0.23/turn    j - +6 ring of intelligence
MPRegen 0.11/turn

%: no passive effects
@: paralysed, very quick
A: very small, no large weapons, unfitting armour, see invisible, speed 3
a: no special abilities


You were on level 3 of the Dungeon.
You visited 1 branch of the dungeon, and saw 3 of its levels.

You collected 154 gold pieces.

Inventory:

Hand Weapons
 a - a +1 dagger
 k - a +0 rapier (weapon)
Missiles
 l - 3 poisoned darts (quivered)
Armour
 b - a +0 robe (worn)
Jewellery
 g - a +6 ring of intelligence (left hand)
 j - a +6 ring of intelligence (right hand)
 t - a ring of willpower
Scrolls
 d - 2 scrolls of identify {unknown}
 e - a scroll of amnesia {unknown}
 f - 2 scrolls of noise {unknown}
 h - a scroll of summoning {unknown}
 m - a scroll of poison {unknown}
 n - a scroll of vulnerability {unknown}
 o - 3 scrolls of teleportation {unknown}
 q - a scroll of immolation {unknown}
 r - 2 scrolls of fear {unknown}
Potions
 c - 2 potions of invisibility
 i - 2 potions of ambrosia {unknown}
 p - a potion of degeneration {unknown}
 s - 3 potions of curing {unknown}


   Skills:
 + Level 0.4 Fighting
 + Level 1.9 Short Blades
 + Level 3.3 Dodging
 + Level 6.1 Stealth
 + Level 2.9 Spellcasting
 + Level 4.3 Hexes


You had 2 spell levels left.
You knew the following spells:

 Your Spells              Type           Power      Damage    Failure   Level
a - Tukima's Dance        Hex            28%        N/A       4%          3
b - Volatile Blastmotes   Fire/Tloc      8%         2d10      26%         3

Your spell library contained the following spells:

 Spells                   Type           Power      Damage    Failure   Level
 Ensorcelled Hibernation  Hex/Ice        32%        N/A       4%          2
 Confusing Touch          Hex            28%        N/A       4%          3
 Dazzling Flash           Conj/Hex       32%        N/A       10%         3
 Iskenderun's Mystic Bla  Conj/Tloc      4%         2d3       63%         4
 Starburst                Conj/Fire      2%         6d3       100%        6


Dungeon Overview and Level Annotations

Branches:
Dungeon (3/15)

Altars:

Shops:
D:2 ![:(

Annotations:
D:3 Grinder, Robin


Innate Abilities, Weirdness & Mutations

You are very small and have problems with some larger weapons.
You are too small for most types of armour.
You have supernaturally acute eyesight. (SInv)
You cover ground extremely quickly. (Speed+++)


Message History

Robin throws the goblin at you!
You miss the goblin. The goblin misses you. The goblin completely misses you.
The goblin closely misses you.
You hit the goblin.
You kill the goblin!
The hobgoblin no longer looks unusually strong.
The goblin closely misses you.
Things that are here:
a +0 dagger; a goblin corpse Robin throws the goblin at you!
The goblin closely misses you.
You hit the goblin.
You kill the goblin!
Robin roars a battlecry!
The hobgoblin goes into a battle-frenzy!
Robin shoots a sling bullet.
The sling bullet barely misses you.
Things that are here:
a +0 dagger; a goblin corpse You enter the shallow water.
Moving in this stuff is going to be slow.
There is an open door here.
Robin is nearby!
Robin shoots a sling bullet.
The sling bullet barely misses you.
l - a poisoned dart
There are no items here.
l - 2 poisoned darts (gained 1)
There are no items here.
l - 3 poisoned darts (gained 1)
There are no items here.
Robin shoots a sling bullet.
The sling bullet hits you.
Robin zaps a wand.
The bolt of dispelling energy misses you.
Grinder gestures at you.
You suddenly lose the ability to move!
Robin shoots a sling bullet.
The sling bullet hits you. Grinder gestures at you.
You resist with some effort.
Robin zaps a wand.
The bolt of dispelling energy hits you!
Your magical effects are unravelling.
Ouch! That really hurt!
You die...

......<÷.♣~~~~~~~~....# ...#
.......#..P.5P†.P.....##...###
............'.†...............
.g.....#....#.g..#.........###
.......#.#..#....#............
#.#....#.#..#....#............
.......#............###.......
#......#......................
.#....##........@....##......#
§.....##.............# ......#
.##..####..))........# ......#
.##.....#............# ##...##
.##...#.#.).....#...##
.##...#.#............
.##...)g.)............
###.........#.##....... #
###########.# #...


You could see Grinder and Robin.

Vanquished Creatures
  4 adders (D:2)
  A worm (D:3)
  2 dart slugs
  9 ball pythons
  4 endoplasms (D:2)
  11 goblins
  4 hobgoblins (D:3)
  2 quokkas
  7 bats
  A frilled lizard (D:1)
  4 kobolds
  3 rats
52 creatures vanquished.

Notes
Turn   | Place    | Note
-------+----------+-------------------------------------------
     0 | D:1      | shayaa the Spriggan Enchanter began the quest for the Orb.
     0 | D:1      | Reached XP level 1. HP: 9/9 MP: 5/5
   211 | D:1      | Found a faded altar of an unknown god.
  1261 | D:2      | Reached XP level 2. HP: 13/13 MP: 6/6
  1378 | D:2      | Found Qaawnesk's Armour Boutique.
  1380 | D:2      | Found Vatroug's Distillery.
  1383 | D:2      | Reached skill level 5 in Stealth
  1464 | D:2      | Reached XP level 3. HP: 15/16 MP: 8/8
  1494 | D:2      | Learned a level 3 spell: Tukima's Dance
  1498 | D:2      | Learned a level 3 spell: Volatile Blastmotes
  1688 | D:2      | Found Toax's Antique Weapon Shop.
  1997 | D:2      | Found Laph's Book Shop.
  2027 | D:3      | Noticed Grinder
  2047 | D:3      | Reached skill level 6 in Stealth
  2047 | D:3      | Reached XP level 4. HP: 11/21 MP: 9/9
  2325 | D:3      | Noticed Robin
  2419 | D:3      | Paralysed by Grinder for 2 turns
  2421 | D:3      | Killed from afar by Robin

Illustrated notes

Levels and vault maps discovered:
D:1:      kennysheep_arrival_forest, layout_loops_ring, serial_forest,
          infiniplex_forest_split, infiniplex_forest_straight_5,
          infiniplex_forest_corner_1, infiniplex_forest_clump_diagonal,
          infiniplex_forest_lined_room_2, infiniplex_forest_lined_ring,
          ebering_ecumenical_altar_petrified
D:2:      layout_basic, serial_shops, shop, shop, shop, shop
D:3:      layout_basic, marbit_many_paths, mainiacjoe_overflow_24_doors,
          grunt_ministairs_11, serial_bayou_pond_b, uniq_crazy_yiuf_cottage,
          uniq_robin, uniq_grinder

Skill      XL: |  1  2  3 |
---------------+----------+-----
Hexes          | 4 |  4.3
Dodging        | 3 |  3.3
Stealth        | 5 6 |  6.1
Fighting       | |  0.4
Short Blades   | |  1.9
Spellcasting   | |  2.9

Action                     |  1- 3 |  4- 6 || total
---------------------------+-------+-------++-------
  Melee: Dagger            |   386 |       ||   386
         Unarmed           |    24 |       ||    24
         Punch             |     8 |     1 ||     9
         Rapier            |    48 |    57 ||   105
  Throw: Dart              |       |    10 ||    10
   Stab: Sleeping          |    15 |     1 ||    16
 Armour: Robe              |     4 |     9 ||    13
  Dodge: Dodged            |    31 |    68 ||    99
